 Dungeon Crawl Stone Soup version 0.29-a0-323-g050149af67 (webtiles) character file.

Game seed: 15038278020194867443

832 mightbedylan the Poker (level 7, 26/60 HPs)
             Began as a Gnoll Cinder Acolyte on Jan 31, 2022.
             Was a High Priest of Ignis.
             Quit the game on level 4 of the Dungeon on Apr 10, 2022.
             The game lasted 00:28:03 (4937 turns).

mightbedylan the Poker (Gnoll Cinder Acolyte)       Turns: 4937, Time: 00:28:04

Health: 26/60      AC:  7    Str: 13    XL:     7   Next: 98%
Magic:  5/13       EV:  9    Int: 28    God:    Ignis [*****.]
Gold:   154        SH:  0    Dex:  7    Spells: 12/14 levels left

rFire   + + .      SeeInvis .   m - +2 falchion (holy)
rCold   . . .      Faith    .   (no shield)
rNeg    . . .      Spirit   .   r - +1 scale mail {rF+}
rPois   .          Reflect  .   (no helmet)
rElec   .          Harm     .   (no cloak)
rCorr   .          Rampage  .   (no gloves)
Will    .....                   (no boots)
Stlth   ..........              (no amulet)
HPRegen 0.20/turn               d - +6 ring of intelligence
MPRegen 0.13/turn               g - +6 ring of intelligence

@: no status effects
A: fangs 1, strong nose, distributed training
a: Renounce Religion, Fiery Armour, Foxfire Swarm, Rising Flame


You were on level 4 of the Dungeon.
You worshipped Ignis.
Ignis was extremely pleased with you.
You visited 1 branch of the dungeon, and saw 4 of its levels.

You collected 154 gold pieces.

Inventory:

Hand Weapons
 a - a -1 spear of flaming
 m - a +2 falchion of holy wrath (weapon)
Missiles
 k - 5 poisoned darts (quivered)
Armour
 b - a +1 robe
 r - a +1 scale mail of fire resistance (worn)
Jewellery
 c - a ring of wizardry
 d - a +6 ring of intelligence (left hand)
 e - a ring of ice
 g - a +6 ring of intelligence (right hand)
 h - a ring of protection from fire
 q - a +4 ring of protection
Wands
 p - a wand of flame (12)
Scrolls
 j - a scroll of teleportation
 l - a scroll of identify
 o - a scroll of magic mapping
Potions
 f - 3 potions of curing
 i - a potion of might
 n - a potion of degeneration


   Skills:
 + Level 7.2 Fighting
 + Level 2.8 Short Blades
 + Level 2.8 Long Blades
 + Level 2.8 Axes
 + Level 2.8 Maces & Flails
 + Level 7.2 Polearms
 + Level 2.8 Staves
 + Level 2.8 Slings
 + Level 2.8 Bows
 + Level 2.8 Crossbows
 + Level 2.8 Throwing
 + Level 2.8 Armour
 + Level 2.8 Dodging
 + Level 2.8 Stealth
 + Level 2.8 Shields
 + Level 2.8 Unarmed Combat
 + Level 4.0 Spellcasting
 + Level 2.3 Conjurations
 + Level 2.3 Hexes
 + Level 2.3 Summonings
 + Level 2.3 Necromancy
 + Level 2.3 Translocations
 + Level 2.3 Transmutations
 + Level 5.9 Fire Magic
 + Level 2.3 Ice Magic
 + Level 2.3 Air Magic
 + Level 2.3 Earth Magic
 + Level 2.3 Poison Magic
 + Level 3.1 Invocations
 + Level 2.8 Evocations


You had 12 spell levels left.
You knew the following spells:

 Your Spells              Type           Power      Damage    Failure   Level
a - Scorch                Fire           78%        2d8       4%          2

Your spell library contained the following spells:

 Spells                   Type           Power      Damage    Failure   Level
 Sting                    Tmut/Pois      72%        1d6       13%         1
 Poisonous Vapours        Pois/Air       36%        N/A       21%         2
 Sublimation of Blood     Necr           18%        N/A       21%         2
 Olgreb's Toxic Radiance  Pois           18%        N/A       78%         4
 Petrify                  Tmut/Erth      18%        N/A       78%         4
 Irradiate                Conj/Tmut      9%         3d16      98%         5


Dungeon Overview and Level Annotations

Branches:
Dungeon (4/15)
 Temple: D:4-7

Altars:


Innate Abilities, Weirdness & Mutations

You have very sharp teeth.
Your uncanny sense of smell can sniff out nearby items.
Your experience applies equally to all skills.


Message History

You hit the ogre.
The ogre is moderately wounded.
The ogre hits you with a +0 giant spiked club!
You slash the ogre!
The ogre is severely wounded.
The ogre hits you with a +0 giant spiked club!
You slash the ogre!
The ogre is almost dead.
The ogre barely misses you.
You barely miss the ogre.
The ogre is almost dead.
The ogre closely misses you.
You hit the ogre.
You kill the ogre!
Your Spellcasting skill increases to level 4!
Things that are here:
a +0 giant spiked club; an ogre corpse
p - a wand of flame (12)
Items here: ( )) †.
Found a glowing scale mail.
You see here a ball python corpse.
A jackal skeleton comes into view.
Found a hand axe.
There is an open door here.
The jackal skeleton barely misses you.
You slash the jackal skeleton!
You destroy the jackal skeleton!
You see here a +1 scale mail of fire resistance.
r - a +1 scale mail of fire resistance
Okay, then.
You start removing your armour.
You continue taking off your +1 robe. x4
You finish taking off your +1 robe.
You start putting on your armour.
You continue putting on your +1 scale mail of fire resistance. x5
You finish putting on your +1 scale mail of fire resistance.
You feel resistant to fire.
Welcome back, mightbedylan the Gnoll Cinder Acolyte.
The flames of Ignis gently warm you.
Press ? for a list of commands and other information.
Are you sure you want to abandon this character and quit the game? (Confirm with "yes".)

******,,,,***** **,****** #..##
,,,****,,##...## *##...## #..#
,,,,,,**,#.....***##.....* ##..##
**,**,**,#.....,,,,......*##.#...
*,**,**,*....,#####....,##.###..
**,**,**,**...##...##...##...#.##
,,,**,*,,,*#.##.....##.##........
,,,,,,,,,,,#.#.......#.##.##.....
**,**,,,,,,#.'..@....#))..##..8.8
**,**∆,*,**#†#......)#.######....
,,,,,,,,,,##)##.....##.## ###.#
******,*,##.).##...##...## *.. *
*,*,#..†..#####)....# *##
******,*.#.....).........#
,,,,,,,#.#.....#####.....#
*******#.##...## ##...## ****
#.###### ##### *,,,


There were no monsters in sight!

Vanquished Creatures
  An ogre (D:4)
  A centaur (D:4)
  Blork the orc (D:4)
  A water moccasin zombie (D:4)
  3 hounds (D:4)
  A bullfrog skeleton (D:4)
  A centaur skeleton (D:4)
  A gnoll shaman (D:4)
  Natasha (thrice) (D:2)
  Terence (D:2)
  A hound zombie (D:4)
  2 hound skeletons (D:4)
  A howler monkey zombie (D:4)
  3 gnolls (D:4)
  6 adders
  4 adder zombies (D:4)
  4 dart slugs
  3 worms
  6 orcs
  4 endoplasms
  4 giant cockroaches
  4 goblins
  5 hobgoblins
  12 jackals
  3 quokkas
  9 ball pythons
  10 bats
  4 frilled lizards
  A jackal skeleton (D:4)
  8 kobolds
  A quokka skeleton (D:4)
  6 rats
115 creatures vanquished.

Vanquished Creatures (others)
  18 foxfires (D:4)
  4 toadstools (D:1)
  7 withered plants (D:4)
29 creatures vanquished.

Grand Total: 144 creatures vanquished

Notes
Turn   | Place    | Note
-------+----------+-------------------------------------------
     0 | D:1      | mightbedylan the Gnoll Cinder Acolyte began the quest for
                  | the Orb.
     0 | D:1      | Reached XP level 1. HP: 23/23 MP: 4/4
   220 | D:1      | Reached XP level 2. HP: 18/29 MP: 5/5
   383 | D:1      | Learned a level 2 spell: Scorch
   645 | D:1      | Reached XP level 3. HP: 35/35 MP: 4/7
  1013 | D:1      | Reached skill level 1 in Invocations
  1220 | D:2      | Noticed Natasha
  1224 | D:2      | Killed Natasha
  1225 | D:2      | Reached skill level 1 in Short Blades
  1225 | D:2      | Reached skill level 1 in Long Blades
  1225 | D:2      | Reached skill level 1 in Axes
  1225 | D:2      | Reached skill level 1 in Maces & Flails
  1225 | D:2      | Reached skill level 1 in Staves
  1225 | D:2      | Reached skill level 1 in Slings
  1225 | D:2      | Reached skill level 1 in Bows
  1225 | D:2      | Reached skill level 1 in Crossbows
  1225 | D:2      | Reached skill level 1 in Throwing
  1225 | D:2      | Reached skill level 1 in Armour
  1225 | D:2      | Reached skill level 1 in Dodging
  1225 | D:2      | Reached skill level 1 in Stealth
  1225 | D:2      | Reached skill level 1 in Shields
  1225 | D:2      | Reached skill level 1 in Unarmed Combat
  1225 | D:2      | Reached skill level 1 in Evocations
  1225 | D:2      | Reached XP level 4. HP: 30/41 MP: 5/8
  1545 | D:2      | Noticed Natasha
  1550 | D:2      | Killed Natasha
  1551 | D:2      | Reached skill level 1 in Conjurations
  1551 | D:2      | Reached skill level 1 in Hexes
  1551 | D:2      | Reached skill level 1 in Summonings
  1551 | D:2      | Reached skill level 1 in Necromancy
  1551 | D:2      | Reached skill level 1 in Translocations
  1551 | D:2      | Reached skill level 1 in Transmutations
  1551 | D:2      | Reached skill level 1 in Ice Magic
  1551 | D:2      | Reached skill level 1 in Air Magic
  1551 | D:2      | Reached skill level 1 in Earth Magic
  1551 | D:2      | Reached skill level 1 in Poison Magic
  1615 | D:2      | Noticed Natasha
  1625 | D:2      | Killed Natasha
  1626 | D:2      | Reached XP level 5. HP: 8/47 MP: 4/9
  1921 | D:2      | Noticed Terence
  1932 | D:2      | Killed Terence
  3141 | D:3      | Reached XP level 6. HP: 52/53 MP: 7/10
  3939 | D:4      | Noticed Blork the orc
  3945 | D:4      | Killed Blork the orc
  4149 | D:4      | Reached XP level 7. HP: 39/59 MP: 0/12
  4937 | D:4      | Upgraded the game from 0.29-a0-23-ga79f92ac9c to
                  | 0.29-a0-323-g050149af67
  4937 | D:4      | Quit the game

Illustrated notes

Levels and vault maps discovered:
D:1:      ldierk_walled_garden_2, layout_loops_cross
D:2:      layout_rooms, minmay_stone_trees_large, uniq_terence, uniq_natasha
D:3:      layout_basic
D:4:      minmay_octagon_keep, layout_loops_corners, serial_undead,
          serial_undead_b, serial_undead_c, serial_undead_a, serial_undead_b,
          serial_undead_b, serial_undead_b, uniq_blork_the_orc

Skill      XL: |  1  2  3  4  5  6  7 |
---------------+----------------------+-----
Invocations    | 1 2 3 |  3.1
Short Blades   | 1 2 |  2.8
Long Blades    | 1 2 |  2.8
Axes           | 1 2 |  2.8
Maces & Flails | 1 2 |  2.8
Staves         | 1 2 |  2.8
Slings         | 1 2 |  2.8
Bows           | 1 2 |  2.8
Crossbows      | 1 2 |  2.8
Throwing       | 1 2 |  2.8
Armour         | 1 2 |  2.8
Dodging        | 1 2 |  2.8
Stealth        | 1 2 |  2.8
Shields        | 1 2 |  2.8
Unarmed Combat | 1 2 |  2.8
Evocations     | 1 2 |  2.8
Spellcasting   | 3 4 |  4.0
Conjurations   | 1 2 |  2.3
Hexes          | 1 2 |  2.3
Summonings     | 1 2 |  2.3
Necromancy     | 1 2 |  2.3
Translocations | 1 2 |  2.3
Transmutations | 1 2 |  2.3
Ice Magic      | 1 2 |  2.3
Air Magic      | 1 2 |  2.3
Earth Magic    | 1 2 |  2.3
Poison Magic   | 1 2 |  2.3
Fighting       | 7 |  7.2
Polearms       | 7 |  7.2
Fire Magic     | |  5.9

Action                   |  1- 3 |  4- 6 |  7- 9 || total
-------------------------+-------+-------+-------++-------
Melee: Spear             |   100 |    31 |       ||   131
       Bite              |     8 |     2 |     4 ||    14
       Punch             |     1 |       |       ||     1
       Falchion          |       |    27 |    55 ||    82
 Cast: Scorch            |    11 |    51 |    25 ||    87
Invok: Foxfire Swarm     |       |       |     1 ||     1
  Use: Scroll            |       |     6 |     2 ||     8
       Potion            |       |     4 |       ||     4
 Stab: Sleeping          |       |     2 |       ||     2
Armor: Robe              |    12 |     5 |    10 ||    27
Dodge: Dodged            |    44 |    37 |    38 ||   119

Table legend: (Time is in decaauts)
 A = Elapsed time spent in this place.
 B = Non-inter-level travel time spent in this place.
 C = Inter-level travel time spent in this place.
 D = Time resting spent in this place.
 E = Time spent auto-exploring this place.
 F = Levels seen in this place.
 G = Mean time per level.
                   A        B        C        D        E       F      G
               +--------+--------+--------+--------+--------+-----+--------+
         Total |   4946 |   4745 |    201 |    898 |   3094 |   4 | 1236.5 |
       Dungeon |   4946 |   4745 |    201 |    898 |   3094 |   4 | 1236.5 |
               +--------+--------+--------+--------+--------+-----+--------+

Top non-repeatable levels by time:
     D:3: 1394 daAuts
     D:4: 1275 daAuts
     D:1: 1199 daAuts
     D:2: 1076 daAuts
